 Dungeon Crawl Stone Soup version 0.28-a0-1567-g1695149f81 (webtiles) character file.

Game seed: 11048851823897096101

33 southernslant the Vexing (level 3, -1/21 HPs)
             Began as a Kobold Arcane Marksman on Jan 20, 2022.
             Killed by divine providence
             ... invoked by an orc priest
              (10 damage)
             ... on level 2 of the Dungeon.
             The game lasted 00:02:39 (1418 turns).

southernslant the Vexing (Kobold Arcane Marksman)   Turns: 1418, Time: 00:02:39

Health: -1/21      AC:  2    Str:  9    XL:     3   Next: 47%
Magic:  5/5        EV: 15    Int: 14    God:
Gold:   64         SH:  0    Dex: 15    Spells: 4/5 levels left

rFire   . . .      SeeInvis .   a - +0 hand crossbow
rCold   . . .      Faith    .   (no shield)
rNeg    . . .      Spirit   .   d - +0 robe
rPois   .          Reflect  .   (no helmet)
rElec   .          Harm     .   (no cloak)
rCorr   .          Rampage  .   (no gloves)
Will    .....                   (no boots)
Stlth   ++........              (no amulet)
HPRegen 0.07/turn               (no ring)
MPRegen 0.09/turn               (no ring)

@: no status effects
A: small, no large weapons, nightstalker 3
a: no special abilities


You were on level 2 of the Dungeon.
You visited 1 branch of the dungeon, and saw 2 of its levels.

You collected 64 gold pieces.

Inventory:

Hand Weapons
 a - a +0 hand crossbow (weapon)
Missiles
 c - 7 bolts (quivered ammo)
Armour
 d - a +0 robe (worn)
Scrolls
 b - a scroll of enchant weapon {unknown}
 f - 2 scrolls of identify {unknown}
 g - a scroll of silence {unknown}
 j - a scroll of teleportation {unknown}
Potions
 e - 2 potions of heal wounds {unknown}
 h - a potion of resistance {unknown}
 i - a potion of attraction {unknown}


   Skills:
 * Level 1.9 Fighting
 + Level 2.8 Crossbows
 * Level 1.1 Armour
 - Level 2.4 Dodging
 * Level 1.8 Spellcasting
 - Level 3.0 Hexes


You had 4 spell levels left.
You knew the following spells:

 Your Spells              Type           Power      Damage    Failure   Level
a - Slow                  Hex            36%        N/A       7%          1

Your spell library contained the following spells:

 Spells                   Type           Power      Damage    Failure   Level
 Inner Flame              Hex/Fire       5%         N/A       36%         3
 Portal Projectile        Hex/Tloc       10%        N/A       36%         3
 Cause Fear               Hex            4%         N/A       56%         4


Dungeon Overview and Level Annotations

Branches:
Dungeon (2/15)

Altars:


Innate Abilities, Weirdness & Mutations

You are small and have problems with some larger weapons.
You are completely attuned to the shadows.


Message History

You see here a ball python corpse.
An orc priest and an orc come into view.
You shoot a bolt. The bolt hits the orc priest.
The orc priest shouts!
The orc priest is moderately wounded.
You hear a shout! x3
The orc priest calls down the wrath of Beogh upon you.
Beogh smites you!
Ouch! That really hurt!
An orc comes into view. It is wielding a +0 war axe.
The orc shouts!
You are too injured to fight recklessly!
Fire: 11 bolts
Press: ? - help, Q - select action, (/) - cycle Shift-Dir - straight line, f/p - orc priest
Aim: an orc priest, wielding a +0 flail (moderately wounded, 63% to hit)
You shoot a bolt. The bolt hits the orc priest.
The orc priest is heavily wounded.
The orc priest miscasts a cantrip.
Fire: 10 bolts
Press: ? - help, Q - select action, (/) - cycle Shift-Dir - straight line, f/p - orc priest
Aim: an orc priest, wielding a +0 flail (heavily wounded, 63% to hit)
You shoot a bolt.
The bolt hits the orc priest but does no damage.
The orc priest is heavily wounded.
An orc comes into view. It is wielding a +0 flail.
The orc priest looks encouraged for a moment.
Fire: 9 bolts
Press: ? - help, Q - select action, (/) - cycle Shift-Dir - straight line, f/p - orc priest
Aim: an orc priest, wielding a +0 flail (heavily wounded, 63% to hit)
You shoot a bolt. The bolt hits the orc priest.
The orc priest is almost dead.
The orc completely misses you.
Fire: 8 bolts
Press: ? - help, Q - select action, (/) - cycle Shift-Dir - straight line, f/p - orc priest
Aim: an orc priest, wielding a +0 flail (almost dead, 63% to hit)
You shoot a bolt. The bolt closely misses the orc.
The bolt barely misses the orc priest.
The orc priest invokes the aid of Beogh against you.
Beogh smites you!
You die...

.(.... #
..(.(#.#
..oo#.# #
#o...# # #o#
# #@# #
####.# #
.....#
.....###### #
..........# .
#########.#
### #.####
#..
#....######..
##..........[


You could see an orc priest and 3 orcs.

Vanquished Creatures
  An adder (D:2)
  A dart slug (D:2)
  4 bats (D:1)
  2 endoplasms
  4 hobgoblins
  3 jackals (D:1)
  A ball python (D:2)
  4 frilled lizards (D:1)
  3 rats
23 creatures vanquished.

Vanquished Creatures (others)
  A fungus (D:1)
1 creature vanquished.

Grand Total: 24 creatures vanquished

Notes
Turn   | Place    | Note
-------+----------+-------------------------------------------
     0 | D:1      | southernslant the Kobold Arcane Marksman began the quest
                  | for the Orb.
     0 | D:1      | Reached XP level 1. HP: 12/12 MP: 2/2
   121 | D:1      | Reached XP level 2. HP: 14/16 MP: 4/4
   328 | D:1      | Found a faded altar of an unknown god.
  1056 | D:2      | Reached skill level 1 in Armour
  1151 | D:2      | Reached XP level 3. HP: 21/21 MP: 5/5
  1418 | D:2      | Killed from afar by an orc priest

Illustrated notes

Levels and vault maps discovered:
D:1:      dpeg_arrival_rooms_b, layout_basic,
          shapermc_ecumenical_altar_acropolis
D:2:      layout_basic, dk_vineyard_1

Skill      XL: |  1  2 |
---------------+-------+-----
Armour         | 1 |  1.1
Fighting       | |  1.9
Crossbows      | |  2.8
Dodging        | |  2.4
Spellcasting   | |  1.8
Hexes          | |  3.0

Action                   || total
-------------------------++-------
 Fire: Hand crossbow     ||    57
Armor: Robe              ||     2
Dodge: Dodged            ||    23

Table legend: (Time is in decaauts)
 A = Elapsed time spent in this place.
 B = Non-inter-level travel time spent in this place.
 C = Inter-level travel time spent in this place.
 D = Time resting spent in this place.
 E = Time spent auto-exploring this place.
 F = Levels seen in this place.
 G = Mean time per level.
                   A        B        C        D        E       F      G
               +--------+--------+--------+--------+--------+-----+--------+
         Total |   1438 |   1432 |      6 |      0 |   1287 |   2 |  719.0 |
       Dungeon |   1438 |   1432 |      6 |      0 |   1287 |   2 |  719.0 |
               +--------+--------+--------+--------+--------+-----+--------+

Top non-repeatable levels by time:
     D:1: 1033 daAuts
     D:2: 404 daAuts
